 Dungeon Crawl Stone Soup version 0.20.0-8-g6b59dc7 (webtiles) character file.

53 QuCean the Skirmisher (level 3, 0/29 HPs)
             Began as a Demonspawn Wanderer on June 1, 2017.
             Slain by a goblin
             ... wielding a cursed +0 club
             ... led by Robin
              (7 damage)
             ... on level 2 of the Dungeon.
             The game lasted 00:08:00 (1025 turns).

QuCean the Skirmisher (Demonspawn Wanderer)         Turns: 1025, Time: 00:08:01

Health: 0/29       AC:  3    Str: 13    XL:     3   Next: 62%
Magic:  3/3        EV: 11    Int: 11    God:
Gold:   49         SH:  0    Dex: 14    Spells: 2/2 levels left

rFire    + . .     SeeInvis .   c - +0 hand crossbow
rCold    x . .     Gourm    .   (no shield)
rNeg     . . .     Faith    .   e - +0 robe
rPois    .         Spirit   .   (no helmet)
rElec    .         Reflect  .   (no cloak)
rCorr    .         Harm     .   h - +0 pair of gloves
MR       .....                  (no boots)
Stlth    +.........             (no amulet)
Regen    0.1/turn               g - ring of fire
MPRegen  0.1/turn               (no ring)

@: lethally poisoned (0 -> -6)
A: demonic guardian 1, rot immunity
a: no special abilities


You were on level 2 of the Dungeon.
You were not hungry.

You visited 1 branch of the dungeon, and saw 2 of its levels.

You collected 49 gold pieces.

Inventory:

Hand Weapons
 a - a +2 mace
 c - a +0 hand crossbow (weapon)
Missiles
 d - 22 bolts (quivered)
Armour
 e - a +0 robe (worn)
 h - a +0 pair of gloves (worn)
Jewellery
 g - a ring of fire (left hand)
Scrolls
 i - a scroll of magic mapping
 j - a scroll of identify
Potions
 b - a potion of curing
Comestibles
 f - 3 bread rations


   Skills:
 + Level 3.5 Fighting
 + Level 3.0 Maces & Flails
 + Level 2.9 Crossbows
 + Level 1.0 Throwing
   Level 1.0 Evocations


You had 2 spell levels left.
You didn't know any spells.

Dungeon Overview and Level Annotations

Branches:
Dungeon (2/15)

Altars:


Innate Abilities, Weirdness & Mutations

A weak demonic guardian rushes to your aid.
You are immune to rotting.


Message History

Firing (i - inventory):
d - 24 bolts (quivered)
Press: ? - help, Shift-Dir - straight line, f/p - adder
Aim: an adder (almost dead)
You shoot a bolt. The bolt completely misses the adder.
The bolt closely misses the goblin.
The bolt hits the hobgoblin!
You kill the hobgoblin!
The adder bites you.
You are more poisoned.
The adder poisons you! The adder bites you.
You feel sick. The adder barely misses you.
Firing (i - inventory):
d - 23 bolts (quivered)
Press: ? - help, Shift-Dir - straight line, f/p - adder
Aim: an adder (almost dead)
You shoot a bolt. The bolt hits the adder!
You kill the adder!
You feel sick. The goblin hits you. The goblin misses you.
You feel sick. The goblin hits you.
* * * LOW HITPOINT WARNING * * *
The goblin hits you but does no damage. The goblin hits you with a club!
You die...

########## #(.)gg.g.. #.########
##(## ..##########.(.##
..............gg#####
#.#####.......g@....#
#.#####.#####.# #.# ### ##.##
.#.#####.##########...#
......<.........)..(.(### #
.################.......######.##
#...(............
#................
###...##.)...#.##


You could see 3 goblins.

Vanquished Creatures
  Robin (D:2)
  An adder (D:2)
  A worm (D:2)
  A leopard gecko (D:1)
  A ball python (D:1)
  A giant cockroach (D:2)
  6 goblins
  6 hobgoblins
  2 bats (D:1)
  4 frilled lizards (D:1)
  2 kobolds
  2 rats (D:1)
28 creatures vanquished.

Notes
Turn   | Place    | Note
-------+----------+-------------------------------------------
     0 | D:1      | QuCean the Demonspawn Wanderer began the quest for the Orb.
     0 | D:1      | QuCean set off with: a +2 mace, a potion of curing, a +0 hand crossbow, 26 bolts, a +0 robe, a bread ration
     0 | D:1      | Reached XP level 1. HP: 18/18 MP: 1/1
     0 | D:1      | Noticed an octopode
     0 | D:1      | Noticed a ghoul
    13 | D:1      | Noticed a minotaur skeleton
    14 | D:1      | Noticed a human
    22 | D:1      | Noticed a naga
    24 | D:1      | Noticed a ghoul
    26 | D:1      | Noticed a merfolk zombie
    26 | D:1      | Noticed an octopode
    26 | D:1      | Noticed a vampire
   251 | D:1      | Gained mutation: A weak demonic guardian rushes to your aid. [demonic ancestry]
   251 | D:1      | Reached XP level 2. HP: 23/24 MP: 2/2
   963 | D:2      | Gained mutation: You are immune to rotting. [demonic ancestry]
   963 | D:2      | Reached XP level 3. HP: 28/29 MP: 3/3
  1005 | D:2      | Noticed Robin
  1015 | D:2      | Killed Robin
  1025 | D:2      | Slain by a goblin

Skill      XL: |  1  2 |
---------------+-------+-----
Crossbows      | 2 |  2.9
Maces & Flails | 3 |  3.0
Fighting       | |  3.5
Throwing       | |  1.0
Evocations     | |  1.0

Action                   || total
-------------------------++-------
 Fire: Hand crossbow     ||    52
  Use: Scroll            ||     2
Armor: Robe              ||     9
Dodge: Dodged            ||    30
